Workbook
Name DateDébut: 'TABLEAU CONTABLE'!#REF!
Name DateFin: 'TABLEAU CONTABLE'!#REF!
Name IntervalleJour: 'TABLEAU CONTABLE'!#REF!

Sheet Graphique de budget

Sheet Facture et Revenu
A1: Suivi du chiffre d'affaire et des factures - | J1: 2017
A3: N° de facture: | B3: Bien vendu: nom proprio et adresse : | E3: DATE Signature | F3: Honoraire TTC € | G3: T.V.A | H3: Montant TVA € | I3: Honoraire H.T | J3: % de rétro | K3: Montant rétro megagence | L3: Honoraire perçu brut | M3: RSI Actuel 4,5% | N3: URSAF / RSI (Indicatif ) 26%
M4: 0.16
A5: 1 | B5: teste 1 | E5: janvier | F5: 5000 | G5: 1.2 | H5: =F5-I5 -> 833.33333 | I5: =F5/G5 -> 4166.6667 | J5: =IF(P6<29000,0.7,0.75) -> 0.7 | K5: =I5-L5 -> 1250 | L5: =I5*J5 -> 2916.6667 | M5: =M4*L5 -> 466.66667 | N5: =L5*26/100 -> 758.33333
M6: 0 | P6: =I5 -> 4166.6667
A7: 2 | B7: teste 2 | E7: février | F7: 10000 | G7: 1.2 | H7: =F7-I7 -> 1666.6667 | I7: =F7/G7 -> 8333.3333 | J7: 0.7 | K7: =I7-L7 -> 2500 | L7: =I7*J7 -> 5833.3333 | M7: =M4*L7 -> 933.33333 | N7: =L7*26/100 -> 1516.6667 | P7: =P6+I7 -> 12500
M8: 0 | P8: =P7+I9 -> 19166.667
A9: 3 | B9: teste 3 | E9: mars | F9: 8000 | G9: 1.2 | H9: =F9-I9 -> 1333.3333 | I9: =F9/G9 -> 6666.6667 | J9: 0.7 | K9: =I9-L9 -> 2000 | L9: =I9*J9 -> 4666.6667 | M9: =M4*L9 -> 746.66667 | N9: =L9*26/100 -> 1213.3333 | P9: =P8+I11 -> 20833.333
M10: 0 | P10: =P9+I13 -> 20833.333
A11: 4 | B11: teste 4 | E11: avril | F11: 2000 | G11: 1.2 | H11: =F11-I11 -> 333.33333 | I11: =F11/G11 -> 1666.6667 | J11: 0.7 | K11: =I11-L11 -> 500 | L11: =I11*J11 -> 1166.6667 | M11: =M4*L11 -> 186.66667 | N11: =L11*26/100 -> 303.33333 | P11: =P10+I15 -> 20833.333
M12: 0 | P12: =P11+I17 -> 20833.333
A13: 5 | B13: teste 5 | E13: mai | F13: 0 | G13: 1.2 | H13: =F13-I13 -> 0 | I13: =F13/G13 -> 0 | J13: 0.7 | K13: =I13-L13 -> 0 | L13: =I13*J13 -> 0 | M13: =M4*L13 -> 0 | N13: =L13*26/100 -> 0 | P13: =P12+I19 -> 20833.333
M14: 0 | P14: =+P13+I21 -> 20833.333
A15: 6 | B15: teste 6 | E15: juin | F15: 0 | G15: 1.2 | H15: =F15-I15 -> 0 | I15: =F15/G15 -> 0 | J15: 0.7 | K15: =I15-L15 -> 0 | L15: =I15*J15 -> 0 | M15: =M4*L15 -> 0 | N15: =L15*26/100 -> 0 | P15: =P14+I22 -> 20833.333
M16: 0 | P16: =P15+I23 -> 20833.333
A17: 7 | F17: 0 | G17: 1.2 | H17: =F17-I17 -> 0 | I17: =F17/G17 -> 0 | J17: 0.7 | K17: =I17-L17 -> 0 | L17: =I17*J17 -> 0 | M17: =M4*L17 -> 0 | N17: =L17*26/100 -> 0 | P17: =P16+I25 -> 20833.333
M18: 0
A19: 8 | F19: 0 | G19: 1.2 | H19: =F19-I19 -> 0 | I19: =F19/G19 -> 0 | J19: 0.7 | K19: =I19-L19 -> 0 | L19: =I19*J19 -> 0 | M19: =M4*L19 -> 0 | N19: =L19*26/100 -> 0
M20: 0
A21: 9 | F21: 0 | G21: 1.2 | H21: =F21-I21 -> 0 | I21: =F21/G21 -> 0 | J21: 0.7 | K21: =I21-L21 -> 0 | L21: =I21*J21 -> 0 | M21: =M4*L21 -> 0 | N21: =L21*26/100 -> 0
M22: 0
A23: 10 | F23: 0 | G23: 1.2 | H23: =F23-I23 -> 0 | I23: =F23/G23 -> 0 | J23: 0.7 | K23: =I23-L23 -> 0 | L23: =I23*J23 -> 0 | M23: =M4*L23 -> 0 | N23: =L23*26/100 -> 0
M24: 0
A25: 11 | F25: 0 | G25: 1.2 | H25: =F25-I25 -> 0 | I25: =F25/G25 -> 0 | J25: 0.7 | K25: =I25-L25 -> 0 | L25: =I25*J25 -> 0 | M25: =M4*L25 -> 0 | N25: =L25*26/100 -> 0
M26: 0
E27: TOTAL: | F27: =SUM(F5:F26) -> 25000 | H27: =SUM(H5:H26) -> 4166.6667 | I27: =SUM(I5:I26) -> 20833.333 | K27: =SUM(K5:K26) -> 6250 | L27: =SUM(L5:L26) -> 14583.333 | M27: =SUM(M5+M7+M9+M11+M13+M15+M17+M19+M21+M23+M25) -> 2333.3333 | N27: =SUM(N5:N26) -> 3791.6667
M28: =M6+M8+M10+M12+M14+M16+M18+M20+M22+M24+M26 -> 0
E29: % du TTC | F29: =SUM(H29:L29) -> 1 | H29: =H27/F27 -> 0.16666667 | I29: X | K29: =K27/F27 -> 0.25 | L29: =L27/F27 -> 0.58333333 | N29: X
E30: % du H.T | F30: X | H30: X | I30: =SUM(K30+L30) -> 1 | K30: =K27/I27 -> 0.3 | L30: =L27/I27 -> 0.7 | N30: =N27/I27 -> 0.182
L32: limite C.A de 33 100 €/an : | N32: =33100-L27 -> 18516.667
D34: lissage au mois brut = | E34: =L27/12 -> 1215.2778 | F34: ( base des calcules )
B36: Estimation de revenue (selon année précedente ) | J36: Revenue Estimé minimun en net | N36: dépense €/ mois
D37: Moyenne des dépenses esti par mois: | E37: 441 | F37: ( moyenne 2016 ) | N37: 550
J38: PAR MOIS : | L38: =SUM(L27/12,-M27/12,-N37) -> 470.83333
D39: lissage au mois net hors impôt : | E39: =E34-E37 -> 774.27778 | F39: ( Estimation ) | J39: ( Brut H.T - le RSI - )
J40: PAR ANS : | L40: =L38*12 -> 5650
D41: Revenus Annuel : | E41: =E39*12 -> 9291.3333 | F41: ( Estimation ) | J41: ( Le net estimé X 12 )
D42: Calcule vos revenue avec la base de dépence de l'année précedente. | J42: delta entre réel et estimation €/mois | L42: =SUM(E48-L38) -> #DIV/0!
J44: delta entre réel et estimation €/An | L44: =SUM(E50-L40) -> #DIV/0!
B45: Revenue aux mois selon dépense actuel
D46: Moyenne des dépenses en cour : | E46: ='TABLEAU CONTABLE'!$Q$30 -> #DIV/0! | F46: Calcule vos revenus en prenant en compte votre moyenne de dépenses en cours. | J46: Ce tableau permet de prévoir les revenus sur l'année en cours selon les ventes effectuer dans l'année et en prenant en compte une moyenne de dépense MAX. Il fera ensuite le delta entre lui et le tableau bleu. Mais pour être valable toutes les valeurs doivents être reportées dans l'onglé TABLEAU CONTABLE !!!! SURTOUT LE R.S.I
D48: Revenu Brut -dépense en cour : | E48: =E34-E46 -> #DIV/0!
D50: Revenu Annuel prévue: | E50: =E48*12 -> #DIV/0!
B54: Le Delta d'erreur avec l'année 2016 | F54: Le delta d'erreur vous indique l'écart entre votre estimation et le réel, il vous donnera le bon résultat en fin d'année. Perte ou gain
D55: Les revenus aux mois: | E55: =E48-E39 -> #DIV/0!
D57: Les revenus Annuel : | E57: =E55*12 -> #DIV/0!

Sheet TABLEAU CONTABLE
A1: budget de la société - | K1: 2017
C5: JANVIER | D5: FÉVRIER | E5: MARS | F5: AVRIL | G5: MAI | H5: JUIN | I5: JUILLET | J5: AOUT | K5: SEPTEMBRE | L5: OCTOBRE | M5: NOVEMBRE | N5: DECEMBRE | P5: TOTAL
B6: REVENU NET | C6: =TableauRevenus[[#Totals],[Semaine 1]]-TableauDépenses[[#Totals],[Semaine 1]] -> 0 | D6: =TableauRevenus[[#Totals],[Semaine 2]]-TableauDépenses[[#Totals],[Semaine 2]] -> 0 | E6: =TableauRevenus[[#Totals],[Semaine 3]]-TableauDépenses[[#Totals],[Semaine 3]] -> 0 | F6: =TableauRevenus[[#Totals],[Semaine 4]]-TableauDépenses[[#Totals],[Semaine 4]] -> 0 | G6: =TableauRevenus[[#Totals],[Semaine 5]]-TableauDépenses[[#Totals],[Semaine 5]] -> 0 | H6: =TableauRevenus[[#Totals],[Semaine 6]]-TableauDépenses[[#Totals],[Semaine 6]] -> 0 | I6: =TableauRevenus[[#Totals],[Semaine 7]]-TableauDépenses[[#Totals],[Semaine 7]] -> 0 | J6: =TableauRevenus[[#Totals],[Semaine 8]]-TableauDépenses[[#Totals],[Semaine 8]] -> 0 | K6: =TableauRevenus[[#Totals],[Semaine 9]]-TableauDépenses[[#Totals],[Semaine 9]] -> 0 | L6: =TableauRevenus[[#Totals],[Semaine 10]]-TableauDépenses[[#Totals],[Semaine 10]] -> 0 | M6: =TableauRevenus[[#Totals],[Semaine 11]]-TableauDépenses[[#Totals],[Semaine 11]] -> 0 | N6: =TableauRevenus[[#Totals],[Semaine 12]]-TableauDépenses[[#Totals],[Semaine 12]] -> 0 | P6: =SUM(C6:N6) -> 0
C7: =C6 -> 0 | D7: =IF(D6>-3000,C7+D6,0) -> 0 | E7: =IF(E6>-3000,D7+E6,0) -> 0 | F7: =IF(F6>-3000,E7+F6,0) -> 0 | G7: =IF(G6>-3000,F7+G6,0) -> 0 | H7: =IF(H6>-3000,G7+H6,0) -> 0 | I7: =IF(I6>-3000,H7+I6,0) -> 0 | J7: =IF(J6>-3000,I7+J6,0) -> 0 | K7: =IF(K6>-3000,J7+K6,0) -> 0 | ... N7: =IF(N6>-3000,M7+N6,0) -> 0 | P7: C.A AVEC REPORT
B8: Report C.A année 2016 | C8: 3238.69 | P8: =SUM(C6:N6,C8) -> 3238.69
B10: REVENUS BRUT
B11: VENTE | C11: 0 | D11: 0 | E11: 0 | F11: 0 | G11: 0 | H11: 0 | I11: 0 | J11: 0 | K11: 0 | L11: 0 | M11: 0 | N11: 0
B12: VENTE | C12: 0 | D12: 0 | E12: 0 | F12: 0 | G12: 0 | H12: 0 | I12: 0 | J12: 0 | K12: 0 | L12: 0 | M12: 0 | N12: 0
B13: VENTE | C13: 0 | D13: 0 | E13: 0 | F13: 0 | G13: 0 | H13: 0 | I13: 0 | J13: 0 | K13: 0 | L13: 0 | M13: 0 | N13: 0
B14: REVENUS TOTAUX | C14: =SUBTOTAL(109,TableauRevenus[Semaine 1]) -> 0 | D14: =SUBTOTAL(109,TableauRevenus[Semaine 2]) -> 0 | E14: =SUBTOTAL(109,TableauRevenus[Semaine 3]) -> 0 | F14: =SUBTOTAL(109,TableauRevenus[Semaine 4]) -> 0 | G14: =SUBTOTAL(109,TableauRevenus[Semaine 5]) -> 0 | H14: =SUBTOTAL(109,TableauRevenus[Semaine 6]) -> 0 | I14: =SUBTOTAL(109,TableauRevenus[Semaine 7]) -> 0 | J14: =SUBTOTAL(109,TableauRevenus[Semaine 8]) -> 0 | K14: =SUBTOTAL(109,TableauRevenus[Semaine 9]) -> 0 | L14: =SUBTOTAL(109,TableauRevenus[Semaine 10]) -> 0 | M14: =SUBTOTAL(109,TableauRevenus[Semaine 11]) -> 0 | N14: =SUBTOTAL(109,TableauRevenus[Semaine 12]) -> 0 | P14: TOTAL | Q14: =SUM(C14:N14) -> 0
A16: dépenses | B16: DÉPENSES
B17: VOITURE | C17: =Voiture!D39 -> 0 | D17: =Voiture!D40 -> 0 | E17: =Voiture!D41 -> 0 | F17: =Voiture!D42 -> 0 | G17: =Voiture!D43 -> 0 | H17: =Voiture!D44 -> 0 | I17: =Voiture!D45 -> 0 | J17: =Voiture!D46 -> 0 | K17: =Voiture!D47 -> 0 | L17: =Voiture!D48 -> 0 | M17: =Voiture!D49 -> 0 | N17: =Voiture!D50 -> 0 | P17: =SUM(TableauDépenses[[#This Row],[Semaine 1]:[Semaine 18]]) -> 0
B18: LOCATION LOGICIEL | C18: 0 | D18: 0 | E18: 0 | F18: 0 | G18: 0 | H18: 0 | I18: 0 | J18: 0 | K18: 0 | L18: 0 | M18: 0 | N18: 0 | P18: =SUM(TableauDépenses[[#This Row],[Semaine 1]:[Semaine 18]]) -> 0
B19: TAXE RSI | C19: 0 | D19: 0 | E19: 0 | F19: 0 | G19: 0 | H19: 0 | I19: 0 | J19: 0 | K19: 0 | L19: 0 | M19: 0 | N19: 0 | P19: =SUM(TableauDépenses[[#This Row],[Semaine 1]:[Semaine 18]]) -> 0
B20: TVA | C20: 0 | D20: 0 | E20: 0 | F20: 0 | G20: 0 | H20: 0 | I20: 0 | J20: 0 | K20: 0 | L20: 0 | M20: 0 | N20: =Voiture!H18 -> 0 | P20: =SUM(TableauDépenses[[#This Row],[Semaine 1]:[Semaine 18]]) -> 0
B21: TÉLÉPHONE | C21: 0 | D21: 0 | E21: 0 | F21: 0 | G21: 0 | H21: 0 | I21: 0 | J21: 0 | K21: 0 | L21: 0 | M21: 0 | N21: 0 | P21: =SUM(TableauDépenses[[#This Row],[Semaine 1]:[Semaine 18]]) -> 0
B22: CONFORT CLIENTS | C22: ='confort clients'!F5 -> 0 | D22: ='confort clients'!F6 -> 0 | E22: ='confort clients'!F7 -> 0 | F22: ='confort clients'!F8 -> 0 | G22: ='confort clients'!F9 -> 0 | H22: ='confort clients'!F10 -> 0 | I22: ='confort clients'!F11 -> 0 | J22: ='confort clients'!F12 -> 0 | K22: ='confort clients'!F13 -> 0 | L22: ='confort clients'!F14 -> 0 | M22: ='confort clients'!F15 -> 0 | N22: ='confort clients'!F16 -> 0 | P22: =SUM(TableauDépenses[[#This Row],[Semaine 1]:[Semaine 18]]) -> 0
B23: FOURNITURES DE BUREAU | C23: ='Fourniture de bureau'!G5 -> 0 | D23: ='Fourniture de bureau'!G6 -> 0 | E23: ='Fourniture de bureau'!G7 -> 0 | F23: ='Fourniture de bureau'!G8 -> 0 | G23: ='Fourniture de bureau'!G9 -> 0 | H23: ='Fourniture de bureau'!G10 -> 0 | I23: ='Fourniture de bureau'!G11 -> 0 | J23: ='Fourniture de bureau'!G12 -> 0 | K23: ='Fourniture de bureau'!G13 -> 0 | L23: ='Fourniture de bureau'!G14 -> 0 | M23: ='Fourniture de bureau'!G15 -> 0 | N23: ='Fourniture de bureau'!G16 -> 0 | P23: =SUM(TableauDépenses[[#This Row],[Semaine 1]:[Semaine 18]]) -> 0
B24: RCP CNASIM | C24: 0 | D24: 0 | E24: 0 | F24: 0 | G24: 0 | H24: 0 | I24: 0 | J24: 0 | K24: 0 | L24: 0 | M24: 0 | N24: 0 | P24: =SUM(TableauDépenses[[#This Row],[Semaine 1]:[Semaine 18]]) -> 0
B25: DÉPENSES TOTALES | C25: =SUBTOTAL(109,TableauDépenses[Semaine 1]) -> 0 | D25: =SUBTOTAL(109,TableauDépenses[Semaine 2]) -> 0 | E25: =SUBTOTAL(109,TableauDépenses[Semaine 3]) -> 0 | F25: =SUBTOTAL(109,TableauDépenses[Semaine 4]) -> 0 | G25: =SUM(G17:G24) -> 0 | H25: =SUBTOTAL(109,TableauDépenses[Semaine 6]) -> 0 | I25: =SUBTOTAL(109,TableauDépenses[Semaine 7]) -> 0 | J25: =SUBTOTAL(109,TableauDépenses[Semaine 8]) -> 0 | K25: =SUBTOTAL(109,TableauDépenses[Semaine 9]) -> 0 | L25: =SUBTOTAL(109,TableauDépenses[Semaine 10]) -> 0 | M25: =SUBTOTAL(109,TableauDépenses[Semaine 11]) -> 0 | N25: =SUBTOTAL(109,TableauDépenses[Semaine 12]) -> 0 | P25: =SUBTOTAL(109,TableauDépenses[Total]) -> 0
C26: =-TableauDépenses[[#Totals],[Semaine 1]] -> 0 | D26: =-TableauDépenses[[#Totals],[Semaine 2]] -> 0 | E26: =-TableauDépenses[[#Totals],[Semaine 3]] -> 0 | F26: =-TableauDépenses[[#Totals],[Semaine 4]] -> 0 | G26: =TableauDépenses[[#Totals],[Semaine 5]] -> 0 | H26: =-TableauDépenses[[#Totals],[Semaine 6]] -> 0 | I26: =-TableauDépenses[[#Totals],[Semaine 7]] -> 0 | J26: =-TableauDépenses[[#Totals],[Semaine 8]] -> 0 | K26: =-TableauDépenses[[#Totals],[Semaine 9]] -> 0 | L26: =-TableauDépenses[[#Totals],[Semaine 10]] -> 0 | M26: =-TableauDépenses[[#Totals],[Semaine 11]] -> 0 | N26: =-TableauDépenses[[#Totals],[Semaine 12]] -> 0
N27: moyenne mansuelle des dépences ( 12 mois ) | P27: =TableauDépenses[[#Totals],[Total]]/12 -> 0
C28: Les cases de couleurs foncées correspondent aux valeurs d'entrée: | Q28: =P27 -> 0
N29: Moyenne par mois | P29: =SUM(C25:N25)/(COUNT(C25:N25)-COUNTIF(C25:N25,"=0")) -> #DIV/0!
Q30: =P29 -> #DIV/0!

Sheet Voiture
A1: Carburant
A4: Mois | B4: plein 1 | C4: plein 2 | D4: plein 3 | E4: plein 4 | F4: plein 5 | G4: plein 6 | H4: TOTAL
A5: janvier | B5: 0 | C5: 0 | D5: 0 | E5: 0 | F5: 0 | G5: 0 | H5: =SUM(B5:G5) -> 0
A6: février | B6: 0 | C6: 0 | D6: 0 | E6: 0 | F6: 0 | G6: 0 | H6: =SUM(B6:G6) -> 0
A7: mars | B7: 0 | C7: 0 | D7: 0 | E7: 0 | F7: 0 | G7: 0 | H7: =SUM(B7:G7) -> 0
A8: avril | B8: 0 | C8: 0 | D8: 0 | E8: 0 | F8: 0 | G8: 0 | H8: =SUM(B8:G8) -> 0
A9: mai | B9: 0 | C9: 0 | D9: 0 | E9: 0 | F9: 0 | G9: 0 | H9: =SUM(B9:G9) -> 0
A10: juin | B10: 0 | C10: 0 | D10: 0 | E10: 0 | F10: 0 | G10: 0 | H10: =SUM(B10:G10) -> 0
A11: juillet | B11: 0 | C11: 0 | D11: 0 | E11: 0 | F11: 0 | G11: 0 | H11: =SUM(B11:G11) -> 0
A12: août | B12: 0 | C12: 0 | D12: 0 | E12: 0 | F12: 0 | G12: 0 | H12: =SUM(B12:G12) -> 0
A13: septembre | B13: 0 | C13: 0 | D13: 0 | E13: 0 | F13: 0 | G13: 0 | H13: =SUM(B13:G13) -> 0
A14: octobre | B14: 0 | C14: 0 | D14: 0 | E14: 0 | F14: 0 | G14: 0 | H14: =SUM(B14:G14) -> 0
A15: novembre | B15: 0 | C15: 0 | D15: 0 | E15: 0 | F15: 0 | G15: 0 | H15: =SUM(B15:G15) -> 0
A16: décembre | B16: 0 | C16: 0 | D16: 0 | E16: 0 | F16: 0 | G16: 0 | H16: =SUM(B16:G16) -> 0
A17: TOTAL DES PLEINS | H17: =SUM(H5:I16) -> 0
A20: LAVAGE
A23: Mois | B23: LAVAGE 1 | C23: LAVAGE 2 | D23: LAVAGE 3 | E23: LAVAGE 4 | F23: LAVAGE 5 | G23: LAVAGE 6 | H23: TOTAL
A24: janvier | B24: 0 | C24: 0 | D24: 0 | E24: 0 | F24: 0 | G24: 0 | H24: =SUM(B24:G24) -> 0
A25: février | B25: 0 | C25: 0 | D25: 0 | E25: 0 | F25: 0 | G25: 0 | H25: =SUM(B25:G25) -> 0
A26: mars | B26: 0 | C26: 0 | D26: 0 | E26: 0 | F26: 0 | G26: 0 | H26: =SUM(B26:G26) -> 0
A27: avril | B27: 0 | C27: 0 | D27: 0 | E27: 0 | F27: 0 | G27: 0 | H27: =SUM(B27:G27) -> 0
A28: mai | B28: 0 | C28: 0 | D28: 0 | E28: 0 | F28: 0 | G28: 0 | H28: =SUM(B28:G28) -> 0
A29: juin | B29: 0 | C29: 0 | D29: 0 | E29: 0 | F29: 0 | G29: 0 | H29: =SUM(B29:G29) -> 0
A30: juillet | B30: 0 | C30: 0 | D30: 0 | E30: 0 | F30: 0 | G30: 0 | H30: =SUM(B30:G30) -> 0
A31: août | B31: 0 | C31: 0 | D31: 0 | E31: 0 | F31: 0 | G31: 0 | H31: =SUM(B31:G31) -> 0
A32: septembre | B32: 0 | C32: 0 | D32: 0 | E32: 0 | F32: 0 | G32: 0 | H32: =SUM(B32:G32) -> 0
A33: octobre | B33: 0 | C33: 0 | D33: 0 | E33: 0 | F33: 0 | G33: 0 | H33: =SUM(B33:G33) -> 0
A34: novembre | B34: 0 | C34: 0 | D34: 0 | E34: 0 | F34: 0 | G34: 0 | H34: =SUM(B34:G34) -> 0
A35: décembre | B35: 0 | C35: 0 | D35: 0 | E35: 0 | F35: 0 | G35: 0 | H35: =SUM(B35:G35) -> 0
A36: TOTAL DES LAVAGES | H36: =SUM(H24:I35) -> 0
C38: Mois | D38: TOTAL
C39: janvier | D39: =SUM(H24,H5) -> 0
C40: février | D40: =SUM(H25,H6) -> 0
C41: mars | D41: =SUM(H26,H7) -> 0
C42: avril | D42: =SUM(H28,H8) -> 0
C43: mai | D43: =SUM(H9,H28) -> 0
C44: juin | D44: =SUM(H10,H29) -> 0
C45: juillet | D45: =SUM(H11,H30) -> 0
C46: août | D46: =SUM(H31,H12) -> 0
C47: septembre | D47: =SUM(H32,H13) -> 0
C48: octobre | D48: =SUM(H33,H14) -> 0
C49: novembre | D49: =SUM(H34,H15) -> 0
C50: décembre | D50: =SUM(H35,H16) -> 0
D51: TOTAL AN | E51: =SUM(D39:D50) -> 0

Sheet Fourniture de bureau
A1: Fourniture de bureau
A4: Mois | B4: Encre | C4: Papier | D4: Pochette | E4: Pochette megagence | F4: Panneau MegAgence | G4: TOTAL
A5: Janvier | B5: 0 | C5: 0 | D5: 0 | E5: 0 | F5: 0 | G5: =SUM(B5:F5) -> 0
A6: Février | B6: 0 | C6: 0 | D6: 0 | E6: 0 | F6: 0 | G6: =SUM(B6:F6) -> 0
A7: Mars | B7: 0 | C7: 0 | D7: 0 | E7: 0 | F7: 0 | G7: =SUM(B7:F7) -> 0
A8: Avril | B8: 0 | C8: 0 | D8: 0 | E8: 0 | F8: 0 | G8: =SUM(B8:F8) -> 0
A9: Mai | B9: 0 | C9: 0 | D9: 0 | E9: 0 | F9: 0 | G9: =SUM(B9:F9) -> 0
A10: Juin | B10: 0 | C10: 0 | D10: 0 | E10: 0 | F10: 0 | G10: =SUM(B10:F10) -> 0
A11: Juillet | B11: 0 | C11: 0 | D11: 0 | E11: 0 | F11: 0 | G11: =SUM(B11:F11) -> 0
A12: Août | B12: 0 | C12: 0 | D12: 0 | E12: 0 | F12: 0 | G12: =SUM(B12:F12) -> 0
A13: Septembre | B13: 0 | C13: 0 | D13: 0 | E13: 0 | F13: 0 | G13: =SUM(B13:F13) -> 0
A14: Octobre | B14: 0 | C14: 0 | D14: 0 | E14: 0 | F14: 0 | G14: =SUM(B14:F14) -> 0
A15: Novembre | B15: 0 | C15: 0 | D15: 0 | E15: 0 | F15: 0 | G15: =SUM(B15:F15) -> 0
A16: Décembre | B16: 0 | C16: 0 | D16: 0 | E16: 0 | F16: 0 | G16: =SUM(B16:F16) -> 0
A17: TOTAL SUR L'ANNÉE | G17: =SUM(G5:G16) -> 0

Sheet confort clients
A1: Confort client "EAU"
A4: Mois | B4: SEMAINE 1 | C4: SEMAINE 2 | D4: SEMAINE 3 | E4: SEMAINE 4 | F4: TOTAL
A5: janvier | B5: 0 | C5: 0 | D5: 0 | E5: 0 | F5: =SUM(B5:E5) -> 0
A6: février | B6: 0 | C6: 0 | D6: 0 | E6: 0 | F6: =SUM(B6:E6) -> 0
A7: mars | B7: 0 | C7: 0 | D7: 0 | E7: 0 | F7: =SUM(B7:E7) -> 0
A8: avril | B8: 0 | C8: 0 | D8: 0 | E8: 0 | F8: =SUM(B8:E8) -> 0
A9: mai | B9: 0 | C9: 0 | D9: 0 | E9: 0 | F9: =SUM(B9:E9) -> 0
A10: juin | B10: 0 | C10: 0 | D10: 0 | E10: 0 | F10: =SUM(B10:E10) -> 0
A11: juillet | B11: 0 | C11: 0 | D11: 0 | E11: 0 | F11: =SUM(B11:E11) -> 0
A12: août | B12: 0 | C12: 0 | D12: 0 | E12: 0 | F12: =SUM(B12:E12) -> 0
A13: septembre | B13: 0 | C13: 0 | D13: 0 | E13: 0 | F13: =SUM(B13:E13) -> 0
A14: octobre | B14: 0 | C14: 0 | D14: 0 | E14: 0 | F14: =SUM(B14:E14) -> 0
A15: novembre | B15: 0 | C15: 0 | D15: 0 | E15: 0 | F15: =SUM(B15:E15) -> 0
A16: décembre | B16: 0 | C16: 0 | D16: 0 | E16: 0 | F16: =SUM(B16:E16) -> 0
A17: TOTAL DES LAVAGES | F17: =SUM(F5:G16) -> 0
